AoeStats
← Kanyaga

Arabia

510521663Analyzed
1v1 RM · 14h ago on Oct 1, 2026· 34m 14s· 2 players
Game mode
Random Map
Map size
Tiny (2 player)
Population
200
Speed
Normal
Resources
Standard
Victory
Conquest
Starting age
Dark Age
Ending age
Imperial Age
RankedLock teamsTeams togetherTeam positionsShared explorationLock speedFull tech treeHidden civsTurbo modeCheats
Victory
Defeat
🇹🇷 Huns · Türkiye
1562
+12
🇹🇼 Tatars · Taiwan
1478
-12
3000elo player
9:00 Loom
11:57 Feudal Age
13:17 Double-Bit Axe
15:17 Horse Collar
17:07 Fletching
18:40 Padded Archer Armor
19:53 Wheelbarrow
26:21 Castle Age
26:49 Castle Age
24:43 Gold Mining
25:06 Scale Barding Armor
25:48 Bloodlines
27:57 Chain Barding Armor
27:50 Bow Saw
28:17 Gold Shaft Mining
28:37 Forging
32:04 Husbandry
32:48 Hand Cart
Kanyaga
6:00 Loom
8:37 Feudal Age
9:18 Double-Bit Axe
9:33 Horse Collar
17:28 Fletching
20:59 Castle Age
19:54 Padded Archer Armor
21:35 Stone Mining
22:44 Bodkin Arrow
23:30 Bow Saw
25:02 Heavy Plow
26:50 Wheelbarrow
27:59 Town Watch
29:12 Gold Mining
31:02 Bodkin Arrow
31:49 Thumb Ring
31:49 Husbandry
34:00 Ballistics
Connection lost

Rejoining the realm…

Still unreachable

The connection could not be restored.

Session expired

The server has moved on; the page needs a fresh start.